Match 44667477
Unlisted

Match 44667477
End
Panzergrenadier Squad
Selects Panzerjäger Kommand Battlegroup
Selects Mine Fields
250 Light Carrier
Panzergrenadier Squad
Construct Light Support Kompanie
Combat Half-tracks
Fire Support Elements
Panzerjäger Mechanized Group
Flakvierling Half-track
Selects Defensive Positions
Vehicle Survival Package
Pak 38 Anti-tank Gun Team
2.5-tonne Medical Truck
Assault Grenadier Squad
Selects Butterfly Bomb Drop
Butterfly Bomb Drop
Pak 38 Anti-tank Gun Team
Panzerjäger Mechanized Group
Assault Grenadier Squad
Selects Tank Busters
Selects Crew Shock Tactics
Construct Panzerarmee Kommand
Pak 38 Anti-tank Gun Team
Walking Stuka Rocket Launcher
MG34 Team
Assault Grenadier Squad
Selects Anti-tank Overwatch
灌江口揸fit人
Mishmode
vincent
yourdad
Brick_man
Oier
ComradeIgor
Kimroot
0
0

Comments sign in to comment!

No comments posted yet!